 Dungeon Crawl Stone Soup version 0.24.0-35-gdb84b6a5db (webtiles) character file.

Game seed: 11205752777077879611, levelgen mode: deterministic

641082 TsetAccount the Slayer (level 27, -9/239 HPs)
             Began as a Minotaur Fighter on Nov 20, 2019.
             Was a High Priest of Makhleb.
             Killed from afar by an orb of fire (19 damage)
             ... with a bolt of fire
             ... on level 5 of the Realm of Zot.
             The game lasted 01:43:46 (54854 turns).

TsetAccount the Slayer (Minotaur Fighter)          Turns: 54854, Time: 01:43:47

Health: -9/239     AC: 35    Str: 30    XL:     27
Magic:  29/29      EV: 16    Int:  3    God:    Makhleb [*****.]
Gold:   5568       SH: 19    Dex:  8    Spells: 26/26 levels left

rFire    + + .     SeeInvis .   a - +8 broad axe (vamp)
rCold    + + .     Gourm    .   Y - +5 shield {reflect}
rNeg     . . .     Faith    .   P - +3 crystal plate armour
rPois    +         Spirit   .   (helmet unavailable)
rElec    .         Reflect  +   x - scarf {rC+ rF+}
rCorr    .         Harm     .   R - +3 pair of gauntlets of War {Slay+5}
MR       +++..     Rnd*Tele +   o - +2 pair of boots {run}
Stlth    ..........             H - amulet of regeneration
HPRegen  0.89/turn              w - ring "Xakidoab" {rPois rF+}
MPRegen  0.21/turn              L - ring of protection from magic

@: very slightly contaminated, slowed, very slow
A: retaliatory headbutt, horns 3, blink, clumsy 2, cold resistance 1, deformed
body, dopey 2, frail 1, low mp 2, poison resistance, screaming 2, teleportitis
2, subdued magic 1
}: 3/15 runes: decaying, silver, gossamer
a: Blink, Minor Destruction, Lesser Servant of Makhleb, Major Destruction,
Greater Servant of Makhleb, Renounce Religion


You were on level 5 of the Realm of Zot.
You worshipped Makhleb.
Makhleb was extremely pleased with you.
You were not hungry.

You visited 9 branches of the dungeon, and saw 49 of its levels.
You also visited: Desolation.

You collected 7168 gold pieces.
You spent 1600 gold pieces at shops.

Inventory:

Hand Weapons
 a - a +8 vampiric broad axe (weapon)
 b - a +2 hand crossbow of flaming
 T - a +6 broad axe of flaming
Missiles
 c - 1715 bolts
 K - 5 throwing nets (quivered)
Armour
 o - a +2 pair of boots of running (worn)
 r - the +1 hat of Lulenur {rC+ Regen+ SInv}
   (You acquired it on level 1 of the Spider Nest)

   It protects you from cold.
   It lets you see invisible.
   It increases your rate of regeneration.
 x - a scarf of resistance (worn)
 D - the +0 hat of the Marlin {*Contam rElec MR++ rCorr}
   (You acquired it on level 3 of the Lair of Beasts)

   It insulates you from electricity.
   It affects your resistance to hostile enchantments.
   It causes magical contamination when unequipped.
   It provides partial protection from all sources of acid and corrosion.
 E - the +8 plate armour of the Doldrums {rC++ rN+ Regen+ Int-2}
   (You found it on level 7 of the Dungeon)

   It affects your intelligence (-2).
   It greatly protects you from cold.
   It protects you from negative energy.
   It increases your rate of regeneration.
 P - a +3 crystal plate armour (worn)
 R - the +3 pair of gauntlets of War (worn) {Slay+5}
   (You bought it in a shop on level 10 of the Dungeon)

   It affects your accuracy and damage with ranged weapons and melee attacks
   (+5).
 Y - a +5 shield of reflection (worn)
Jewellery
 w - the ring "Xakidoab" (left hand) {rPois rF+}
   (You acquired it on level 2 of the Elven Halls)

   [ring of poison resistance]

   It protects you from fire.
   It protects you from poison.
 H - an amulet of regeneration (around neck)
 L - a ring of protection from magic (right hand)
 O - an uncursed ring of positive energy
Wands
 h - a wand of paralysis (18)
 q - a wand of disintegration (43)
 G - a wand of iceblast (47)
 I - a wand of digging (16)
 M - a wand of scattershot (6)
 S - a wand of acid (31)
Scrolls
 l - 9 scrolls of fog
 p - 26 scrolls of remove curse
 t - 6 scrolls of blinking
 v - 4 scrolls of magic mapping
 B - 11 scrolls of identify
 F - 18 scrolls of teleportation
 J - 3 scrolls of brand weapon
 N - 3 scrolls of fear
 V - 5 scrolls of immolation
 W - 2 scrolls of holy word
 Z - a scroll of enchant weapon
Potions
 d - 4 potions of might
 e - 10 potions of lignification
 g - 10 potions of haste
 i - 10 potions of heal wounds
 j - 5 potions of cancellation
 k - 14 potions of curing
 m - 7 potions of berserk rage
 n - 11 potions of magic
 z - 10 potions of flight
 A - 9 potions of brilliance
 C - a potion of ambrosia
 Q - 5 potions of agility
 U - 5 potions of resistance
Miscellaneous
 y - a lamp of fire
 X - a lightning rod (4/4)
Comestibles
 f - 84 rations


   Skills:
 + Level 25.3 Fighting
 - Level 18.0 Axes
 - Level 10.0 Crossbows
 + Level 25.0 Armour
 + Level 24.9 Dodging
 - Level 15.0 Shields
 + Level 21.3 Invocations


You had 26 spell levels left.
You didn't know any spells.
Your spell library contained the following spells:

 Spells                   Type           Power        Failure   Level  Hunger
 Animate Skeleton         Necr           N/A          98%         1    ##.....
 Apportation              Tloc           #.....       98%         1    ##.....
 Beastly Appendage        Tmut           #.....       98%         1    ##.....
 Confusing Touch          Hex            #.....       98%         1    ##.....
 Corona                   Hex            #......      98%         1    ##.....
 Flame Tongue             Conj/Fire      #....        98%         1    ##.....
 Sandblast                Erth           #.....       98%         1    ##.....
 Shock                    Conj/Air       #...         98%         1    ##.....
 Sting                    Conj/Pois      #...         98%         1    ##.....
 Summon Butterflies       Summ           #.......     98%         1    ##.....
 Summon Small Mammal      Summ           #...         98%         1    ##.....
 Blink                    Tloc           N/A          99%         2    ###....
 Call Imp                 Summ           #.......     99%         2    ###....
 Corpse Rot               Necr           N/A          99%         2    ###....
 Passwall                 Tmut/Erth      #.......     99%         2    ###....
 Poisonous Vapours        Pois/Air       #.....       99%         2    ###....
 Shroud of Golubria       Chrm/Tloc      #.....       99%         2    ###....
 Slow                     Hex            #.......     99%         2    ###....
 Sticks to Snakes         Tmut           #.......     99%         2    ###....
 Sublimation of Blood     Necr           #.........   99%         2    ###....
 Swiftness                Chrm/Air       #.......     99%         2    ###....
 Throw Flame              Conj/Fire      #.....       99%         2    ###....
 Throw Frost              Conj/Ice       #.....       99%         2    ###....
 Call Canine Familiar     Summ           #.......     100%        3    ####...
 Confuse                  Hex            #.......     100%        3    ####...
 Conjure Flame            Conj/Fire      #.......     100%        3    ####...
 Dazzling Spray           Conj/Hex       #.....       100%        3    ####...
 Gell's Gravitas          Tloc           #.........   100%        3    ####...
 Ignite Poison            Fire/Tmut/Pois #.......     100%        3    ####...
 Inner Flame              Hex/Fire       #.......     100%        3    ####...
 Lesser Beckoning         Tloc           #.........   100%        3    ####...
 Mephitic Cloud           Conj/Pois/Air  #.......     100%        3    ####...
 Portal Projectile        Hex/Tloc       #.....       100%        3    ####...
 Recall                   Summ/Tloc      N/A          100%        3    ####...
 Spider Form              Tmut/Pois      #.........   100%        3    ####...
 Stone Arrow              Conj/Erth      #.....       100%        3    ####...
 Summon Guardian Golem    Hex/Summ       #.......     100%        3    ####...
 Teleport Other           Tloc           #.......     100%        3    ####...
 Tukima's Dance           Hex            #.......     100%        3    ####...
 Animate Dead             Necr           N/A          100%        4    #####..
 Cause Fear               Hex            #.........   100%        4    #####..
 Force Lance              Conj/Tloc      #.......     100%        4    #####..
 Ice Form                 Ice/Tmut       #.......     100%        4    #####..
 Leda's Liquefaction      Hex/Erth       #.........   100%        4    #####..
 Olgreb's Toxic Radiance  Pois           #.......     100%        4    #####..
 Passage of Golubria      Tloc           N/A          100%        4    #####..
 Petrify                  Tmut/Erth      #.......     100%        4    #####..
 Sticky Flame             Conj/Fire      #.......     100%        4    #####..
 Summon Ice Beast         Ice/Summ       #.......     100%        4    #####..
 Summon Lightning Spire   Summ/Air       #.......     100%        4    #####..
 Agony                    Necr           #.......     100%        5    ######.
 Alistair's Intoxication  Tmut/Pois      #.......     100%        5    ######.
 Aura of Abjuration       Summ           #.........   100%        5    ######.
 Blade Hands              Tmut           #.........   100%        5    ######.
 Bolt of Draining         Conj/Necr      #.........   100%        5    ######.
 Bolt of Magma            Conj/Fire/Erth #.........   100%        5    ######.
 Borgnjor's Vile Clutch   Necr/Erth      #.........   100%        5    ######.
 Dispel Undead            Necr           #.......     100%        5    ######.
 Excruciating Wounds      Chrm/Necr      #.........   100%        5    ######.
 Fireball                 Conj/Fire      #.........   100%        5    ######.
 Irradiate                Conj/Tmut      #.........   100%        5    ######.
 Iskenderun's Battlesphe  Conj/Chrm      #.......     100%        5    ######.
 Lee's Rapid Deconstruct  Erth           #.........   100%        5    ######.
 Metabolic Englaciation   Hex/Ice        #.........   100%        5    ######.
 Silence                  Hex/Air        #.........   100%        5    ######.
 Summon Demon             Summ           #.........   100%        5    ######.
 Summon Forest            Summ/Tloc      #.........   100%        5    ######.
 Summon Mana Viper        Hex/Summ       #.......     100%        5    ######.
 Venom Bolt               Conj/Pois      #.........   100%        5    ######.
 Yara's Violent Unravell  Hex/Tmut       #.........   100%        5    ######.
 Bolt of Fire             Conj/Fire      #.........   100%        6    #######
 Conjure Ball Lightning   Conj/Air       #.........   100%        6    #######
 Darkness                 Hex            #.........   100%        6    #######
 Death Channel            Necr           #.........   100%        6    #######
 Deflect Missiles         Chrm/Air       #.........   100%        6    #######
 Freezing Cloud           Conj/Ice/Air   #.........   100%        6    #######
 Hydra Form               Tmut           #.........   100%        6    #######
 Invisibility             Hex            #.......     100%        6    #######
 Iron Shot                Conj/Erth      #.........   100%        6    #######
 Poison Arrow             Conj/Pois      #.........   100%        6    #######
 Shadow Creatures         Summ           N/A          100%        6    #######
 Simulacrum               Ice/Necr       #.........   100%        6    #######
 Statue Form              Tmut/Erth      #........    100%        6    #######
 Dragon Form              Tmut           #.........   100%        7    #######
 Malign Gateway           Summ/Tloc      #.........   100%        7    #######
 Orb of Destruction       Conj           #.........   100%        7    #######
 Ring of Flames           Chrm/Fire      #.........   100%        7    #######
 Spellforged Servitor     Conj/Summ      #.........   100%        7    #######
 Summon Hydra             Summ           #.........   100%        7    #######
 Chain Lightning          Conj/Air       #.........   100%        8    #######
 Ignition                 Fire           #.........   100%        8    #######
 Lehudib's Crystal Spear  Conj/Erth      #.........   100%        8    #######
 Fire Storm               Conj/Fire      #.........   100%        9    #######
 Glaciate                 Conj/Ice       #.........   100%        9    #######
 Tornado                  Air            #.........   100%        9    #######


Dungeon Overview and Level Annotations

Branches:
Dungeon (15/15)            Temple (0/1) D:6            Lair (6/6) D:9
  Swamp (4/4) Lair:4       Spider (4/4) Lair:2        Slime (0/5) Lair:5
    Orc (2/2) D:9             Elf (3/3) Orc:2        Vaults (5/5) D:14
  Crypt (0/3) Vaults:2     Depths (5/5) D:15            Zot (5/5) Depths:5
Desolation (visited)

Altars:
Kikubaaqudgha
Makhleb
Okawaru
Qazlal
Sif Muna
Uskayaw
Vehumet
Xom
Yredelemnul
Zin
The Shining One
Beogh

Shops:
D:4 (   D:5 (   D:6 (   D:9 *   D:10 *   Orc:2 [**[   Vaults:1 (   Vaults:2 !
Depths:3 *   Depths:5 :

Portals:
Hell: Depths:1 Depths:2 Depths:3 Depths:4 Depths:5
Abyss: Depths:1 Depths:3 Depths:4
Pandemonium: Depths:1 Depths:3
Ziggurat: Depths:4
Trove: Vaults:1 (give 15 scrolls of teleportation)

Annotations:
D:3 exclusion: downstairs
D:5 1 runed translucent door
D:7 1 transporter, sking99's ghost, novice OgTm
D:9 3 runed translucent doors, Grizz's ghost, novice MiFi
D:13 1 runed translucent door, Leinaam's ghost, journeyman MiBe
Lair:6 1 runed translucent door, exclusion: 2 oklob plants, Wogokhlo's ghost, journeyman FeBe
Swamp:3 2 transporters, exclusion: downstairs
Elf:1 3 runed translucent doors, FessEmpty's ghost, adept SpEn
Elf:2 3 runed translucent doors, Opsifuid's ghost, journeyman BaBe
Depths:3 1 transporter
Depths:5 2 runed translucent doors, Niacecre's ghost, veteran DEFE


Innate Abilities, Weirdness & Mutations

You reflexively headbutt those who attack you in melee.
You have a pair of large horns on your head.
You can translocate small distances at will.
You are very clumsy. (Dex -4)
Your flesh is cold resistant. (rC+)
Armour fits poorly on your strangely shaped body.
You are very dopey. (Int -4)
You are frail. (-10% HP)
Your magical capacity is very low. (-20% MP)
Your system is resistant to poisons. (rPois)
You sometimes yell uncontrollably at your foes.
You are sometimes teleported next to monsters.
Your spells are a little easier to cast, but a little less powerful.


Message History

The fireball engulfs the orb of fire.
The orb of fire completely resists.
The fireball engulfs your blizzard demon!!!!
Your blizzard demon is burned terribly!
Your blizzard demon dies!
The fireball engulfs the orb of fire.
The orb of fire completely resists.
The fireball engulfs your cacodemon!!!
Your cacodemon dies!
Your cacodemon hits the orb of fire! Your cacodemon hits the orb of fire.
You block the wandering mushroom's attack.
You hear a shout!
The orb of fire glows deep purple.
The bolt of fire hits you!! You resist.
* * * LOW HITPOINT WARNING * * *
Your blizzard demon gestures at the orb of fire.
The bolt of cold hits the orb of fire!
The orb of fire resists.
The bolt of cold hits the wandering mushroom!!
The orb of fire glows red.
The bolt of fire hits the orb of fire.
The orb of fire completely resists.
The bolt of fire hits you!! You resist.
You die...

▓▓▓# ▓▓▓ ▓▓▓. ..▓##
#▓..... ....## ##.......
.....# ▓▓▓▓▓▓▓▓▓ #..^.....
.....▓▓▓.......▓▓▓........
.....▓▓.........▓▓......(.
.†..)▓)........^f▓.*f...z.
......)....0[...@*.D.....☼
.....▓)..^.[.....▓.22.....
.....▓▓........^▓▓f.......
.....▓▓▓.......▓▓▓........
.....▓ ▓▓▓▓▓▓▓▓▓ ▓........
^...▓▓ ▓▓....... ..▓▓▓
▓▓..... ▓▓▓ ▓▓▓.. ▓▓


You could see 2 orbs of fire, a storm dragon, a deathcap, a wandering mushroom,
a friendly cacodemon and a friendly blizzard demon.

Vanquished Creatures
  2 ancient liches (Zot:5)
  Mennas (Depths:4)
  4 orbs of fire (Zot:5)
  3 juggernauts
  A Killer Klown (Zot:5)
  Boris (Depths:5)
  2 curse toes
  Xtahua (Depths:4)
  Saint Roka (Depths:4)
  Nikola (Depths:1)
  7 golden dragons
  the Enchantress (Depths:1)
  10 electric golems
  3 liches
  Jorgrun (D:14)
  Rupert (Lair:6)
  9 tentacled monstrosities
  21 Orb Guardians (Zot:5)
  8 quicksilver dragons
  3 deep elf blademasters
  9 titans
  Gastronok (Orc:1)
  A deep elf master archer (Elf:3)
  Frances (Swamp:2)
  5 sphinxes
  Agnes (Spider:4)
  8 death cobs
  Donald (Spider:1)
  2 thorn hunters (Swamp:2)
  8 draconian monks
  11 tengu reavers
  7 shadow dragons
  12 storm dragons
  16 fire giants
  4 frost giants
  3 deep elf sorcerers
  2 imperial myrmidons (Desolation)
  An iron dragon (Vaults:5)
  19 vault wardens
  Aizul (Vaults:3)
  A curse skull (Zot:4)
  6 draconian scorchers
  6 emperor scorpions
  6 draconian knights
  4 draconian shifters
  11 ghost moths
  Louise (D:15)
  2 draconian stormcallers
  A balrug (Depths:4)
  10 ironheart preservers
  6 entropy weavers
  6 deep elf elementalists
  3 war gargoyles
  A reaper (Depths:3)
  18 stone giants
  6 spriggan defenders
  12 draconian annihilators
  11 very ugly things
  Nessos (Orc:2)
  16 black draconians
  17 green draconians
  6 vampire knights
  10 deep elf demonologists (Elf:3)
  7 yellow draconians
  8 deep elf annihilators
  9 white draconians
  17 purple draconians
  3 halazid warlocks (Desolation)
  2 lorocyprocas (Depths:1)
  Azrael (Spider:1)
  17 red draconians
  4 dire elephants (Lair:6)
  10 spark wasps
  17 ettins
  5 crystal guardians
  8 ragged hierophants (Desolation)
  8 fire dragons
  11 yaktaur captains
  4 deep elf high priests
  Josephine (D:15)
  8 great orbs of eyes
  5 deep elf death magi
  A merfolk impaler (Depths:1)
  11 ice dragons
  14 ogre magi
  Harold (Orc:1)
  10 servants of whispers
  A monstrous demonspawn (Depths:3)
  29 vault guards
  A rakshasa (Depths:4)
  6 peacekeepers (Desolation)
  8 spriggan air magi
  2 catoblepae
  2 shambling mangroves
  14 centaur warriors
  17 hydras
  2 death knights
  An anaconda (Lair:6)
  36 two-headed ogres
  26 dancing weapons
  An anaconda (shapeshifter) (Vaults:3)
  2 tengu warriors (Depths:2)
  3 death yaks (Lair:3)
  3 vampire magi
  7 deep troll shamans
  8 alligators
  4 spriggan berserkers
  4 orc high priests (Orc:2)
  15 deep elf knights
  4 deep troll earth magi
  Urug (Orc:1)
  A skeletal warrior (Vaults:2)
  2 sun demons (Depths:4)
  2 sixfirhies (Depths:3)
  2 fire crabs (Swamp:4)
  5 hell knights (Depths:4)
  3 spriggan druids
  5 iron trolls
  2 shadow wraiths
  3 wizards
  A death drake (Depths:5)
  A shadow demon (Depths:1)
  21 deep trolls
  4 glowing orange brains
  A torturous demonspawn (Depths:3)
  A deep troll (shapeshifter) (Vaults:5)
  An unseen horror (D:12)
  3 flayed ghosts
  A glowing orange brain (shapeshifter) (Depths:4)
  12 deep elf archers
  8 phantasmal warriors
  3 lindwurms (Depths:5)
  An orange crystal statue (Zot:4)
  9 swamp dragons
  7 necromancers
  18 ironbrand convokers
  4 harpies (Vaults:1)
  30 wolf spiders
  12 orc knights
  A fire giant zombie (Vaults:3)
  20 orb spiders
  9 wolf spider zombies
  37 ugly things
  2 oklob plants (Zot:4)
  60 deep elf magi
  7 orc sorcerers
  2 manticores
  4 cyclopes
  A cyclops (shapeshifter) (Depths:4)
  A salamander (shapeshifter) (Vaults:4)
  A manticore (shapeshifter) (Vaults:5)
  Joseph (Lair:1)
  Maurice (D:13)
  A sphinx skeleton (Vaults:4)
  20 moths of wrath
  7 elephants
  A guardian serpent (Desolation)
  11 vault sentinels
  4 black mambas
  A naga mage (Vaults:2)
  2 torpor snails
  A molten gargoyle (Desolation)
  A black mamba (shapeshifter) (Vaults:1)
  16 spiny frogs
  An efreet (D:15)
  3 centaur skeletons
  A spiny frog (shapeshifter) (Vaults:3)
  An orange demon (Depths:1)
  A rime drake (Lair:4)
  5 komodo dragons
  3 freezing wraiths
  A kobold demonologist (Depths:1)
  8 redback zombies (Spider:1)
  61 yaktaurs
  A yaktaur zombie (Vaults:3)
  3 human zombies
  12 demonic crawlers
  15 trolls
  A queen bee (shapeshifter) (Depths:3)
  2 red devils (Depths:1)
  9 tengu conjurers
  4 wind drakes (Depths:5)
  15 tyrant leeches
  A meliai (shapeshifter) (Depths:4)
  A harpy skeleton (D:15)
  9 blink frogs
  A merfolk (shapeshifter) (Vaults:5)
  5 tarantella zombies (Spider:1)
  2 jumping spiders (shapeshifter)
  40 jumping spiders
  20 hornets
  Grinder (D:3)
  Prince Ribbit (D:6)
  66 saltlings
  3 polar bears (Lair:4)
  4 bog bodies
  9 hippogriffs
  49 slime creatures
  A frost giant simulacrum (Vaults:2)
  68 redbacks
  2 shadows
  A vampire (D:14)
  25 tarantellas
  2 air elementals
  8 wraiths
  6 spriggans
  24 water elementals
  2 tarantellas (shapeshifter)
  4 wyverns
  A spriggan (shapeshifter) (D:14)
  6 fire elementals
  A basilisk (shapeshifter) (Vaults:2)
  55 yaks
  A golden eye (shapeshifter) (Vaults:2)
  3 steam dragons (Swamp:4)
  A basilisk (Lair:2)
  15 vampire mosquitoes
  A yaktaur simulacrum (Vaults:1)
  A hog (shapeshifter) (Vaults:1)
  Menkaure (D:7)
  2 human simulacra
  A neqoxec (Depths:1)
  2 wargs
  16 insubstantial wisps
  A soldier ant (D:15)
  14 swamp worms
  A soldier ant (shapeshifter) (Depths:4)
  An acid dragon (Vaults:2)
  11 water moccasins
  3 floating eyes
  A floating eye (shapeshifter) (Vaults:5)
  13 swamp drakes
  5 porcupines
  A deep troll skeleton (Vaults:4)
  5 hell hounds (Spider:1)
  An ice beast (shapeshifter) (Vaults:5)
  A sky beast (D:9)
  3 black bears
  An orc zombie (Vaults:1)
  An eye of draining (shapeshifter) (Depths:1)
  39 orc warriors
  6 ice beasts
  23 ogres
  2 phantoms
  14 centaurs
  7 boggarts
  An orc skeleton (Vaults:1)
  13 wolves
  10 crocodiles
  5 big kobolds
  25 bullfrogs
  A yaktaur skeleton (Vaults:1)
  An earth elemental (Elf:2)
  3 human skeletons
  6 scorpions
  12 killer bees
  26 wights
  6 howler monkeys
  4 electric eels
  11 crimson imps
  A bullfrog zombie (D:12)
  3 quasits
  9 hounds
  2 iron imps
  7 jellies
  5 centaur zombies
  45 orc priests
  2 bullfrog skeletons
  Jessica (D:3)
  An iguana (D:2)
  7 worker ants
  36 orc wizards
  4 lightning spires (Zot:4)
  A hound skeleton (D:6)
  8 adders
  9 gnolls
  8 shadow imps
  A white imp (Depths:3)
  2 ufetubi (Depths:3)
  2 oozes
  An adder zombie (D:8)
  An adder skeleton (D:5)
  6 worms
  A dart slug (D:1)
  7 leopard geckos
  91 orcs
  A bat zombie (D:6)
  3 giant cockroaches
  6 hobgoblins
  8 jackals
  A quokka (D:4)
  3 ball pythons
  4 bats
  5 frilled lizards
  7 goblins
  21 kobolds
  A quokka skeleton (D:5)
  9 rats
  3 rat zombies (D:6)
  5 fungi (D:9)
  10 plants
2344 creatures vanquished.

Vanquished Creatures (collateral kills)
  3 orbs of fire
  A Killer Klown (Zot:5)
  An electric golem (Zot:5)
  A tentacled monstrosity (Zot:5)
  A titan (Vaults:5)
  An Orb Guardian (Zot:5)
  A death cob (Zot:5)
  2 draconian monks
  A draconian knight (Zot:5)
  A war gargoyle (Vaults:5)
  A white draconian (Zot:5)
  3 vault guards (Vaults:5)
17 creatures vanquished.

Vanquished Creatures (others)
  A lich (Depths:1)
  A deep elf master archer (Elf:3)
  A draconian monk (Zot:3)
  A vampire knight (Depths:1)
  A war gargoyle (Vaults:5)
  A stone giant (Depths:1)
  A yellow draconian (Zot:3)
  A purple draconian (Zot:1)
  A merfolk impaler (Depths:1)
  A ragged hierophant (Desolation)
  2 yaktaur captains
  A two-headed ogre (Depths:3)
  3 centaur warriors
  A spriggan berserker (Depths:5)
  A shadow wraith (Vaults:5)
  2 swamp dragons (Swamp:4)
  3 deep elf archers
  An ironbrand convoker (Vaults:5)
  An orb spider (Spider:4)
  2 lindwurms
  An ugly thing (Depths:2)
  A wolf spider (Spider:4)
  A cyclops (Vaults:1)
  A redback zombie (Spider:1)
  5 yaktaurs
  5 slime creatures
  A tarantella zombie (Spider:1)
  A redback (Spider:4)
  2 steam dragons (Swamp:4)
  A swamp worm (Swamp:4)
  A swamp drake (Swamp:4)
  A boggart (Vaults:3)
  A centaur (Vaults:4)
  An orc priest (Orc:2)
  10 fungi
  15 plants
75 creatures vanquished.

Grand Total: 2436 creatures vanquished

Notes
Turn   | Place    | Note
-------+----------+-------------------------------------------
     0 | D:1      | TsetAccount the Minotaur Fighter began the quest for the
                  | Orb.
     0 | D:1      | Reached XP level 1. HP: 19/19 MP: 0/0
   162 | D:1      | Reached XP level 2. HP: 23/28 MP: 1/1
   463 | D:2      | Reached skill level 5 in Fighting
   463 | D:2      | Reached XP level 3. HP: 30/36 MP: 2/2
   767 | D:2      | Found a faded altar of an unknown god.
   925 | D:2      | Reached XP level 4. HP: 22/44 MP: 3/3
  1478 | D:3      | Reached XP level 5. HP: 35/52 MP: 4/4
  1709 | D:3      | Noticed Grinder
  1724 | D:3      | Paralysed by Grinder for 3 turns
  1727 | D:3      | Killed Grinder
  1727 | D:3      | Reached XP level 6. HP: 20/60 MP: 5/5
  2184 | D:3      | Noticed Jessica
  2188 | D:3      | Killed Jessica
  2209 | D:3      | Found a burning altar of Makhleb.
  2355 | D:3      | Found a glowing silver altar of Zin.
  2357 | D:3      | Noticed an angel
  2358 | D:3      | Noticed a cacodemon
  2362 | D:3      | Became a worshipper of Makhleb the Destroyer
  2551 | D:4      | Found Yjikaun's Antique Weapon Shoppe.
  2564 | D:3      | Reached skill level 5 in Axes
  2697 | D:4      | Reached XP level 7. HP: 67/67 MP: 6/6
  3161 | D:4      | Reached * piety under Makhleb
  3568 | D:5      | Entered Level 5 of the Dungeon
  3706 | D:5      | Noticed Eustachio
  3708 | D:5      | Noticed Eustachio
  3708 | D:5      | Eustachio changed into Eustachio the ice beast
  3712 | D:5      | Reached skill level 5 in Armour
  3719 | D:5      | Killed Eustachio the ice beast
  3719 | D:5      | Reached XP level 8. HP: 74/74 MP: 7/7
  3843 | D:5      | Found Pituesk's Weapon Shoppe.
  4510 | D:5      | Reached skill level 5 in Shields
  4615 | D:5      | Found a runed translucent door.
  5249 | D:6      | Found a staircase to the Ecumenical Temple.
  5512 | D:6      | Found Neexzuna's Antique Weapon Shop.
  5621 | D:6      | Found an ancient bone altar of Kikubaaqudgha.
  6245 | D:6      | Noticed Prince Ribbit
  6293 | D:6      | Reached XP level 9. HP: 82/82 MP: 8/8
  6438 | D:6      | Found Neexzuna's Antique Weapon Shop.
  6486 | D:6      | Killed Prince Ribbit
  6486 | D:6      | Reached ** piety under Makhleb
  6486 | D:6      | Reached skill level 10 in Axes
  6489 | D:6      | Found a staircase to the Ecumenical Temple.
  6959 | D:6      | Found an ancient bone altar of Kikubaaqudgha.
  7371 | D:7      | Noticed Menkaure
  7391 | D:7      | Killed Menkaure
  7391 | D:7      | Reached skill level 1 in Invocations
  7451 | D:7      | Found a transporter.
  7452 | D:7      | Noticed sking99's ghost (novice OgTm)
  7454 | D:7      | Identified the cursed +3 dire flail "Xom's Castigation"
                  | {venom, rPois Int+4 Dex+6 Stlth+}
  7510 | D:7      | Found a shimmering blue altar of Sif Muna.
  7656 | D:7      | Got a diamond-encrusted plate armour
  7667 | D:7      | Identified the +8 plate armour of the Doldrums {rC++ rN+
                  | Regen+ Int-2} (You found it on level 7 of the Dungeon)
  8104 | D:8      | Found a hide-covered altar of Uskayaw.
  8328 | D:9      | Found a staircase to the Lair.
  8363 | D:9      | Reached XP level 10. HP: 85/91 MP: 11/11
  8439 | D:9      | Found Tiraj's Lightly-Used Armoury.
  8443 | D:9      | Found a staircase to the Orcish Mines.
  8481 | D:9      | Reached *** piety under Makhleb
  8716 | D:9      | You fall into a shaft and drop 2 floors!
  8911 | D:11     | Found a radiant altar of Vehumet.
  9016 | D:10     | Entered Level 10 of the Dungeon
  9192 | D:10     | Reached **** piety under Makhleb
  9382 | D:10     | Found Gigiram's Assorted Antiques.
  9387 | D:10     | Reached skill level 10 in Fighting
  9526 | D:10     | Bought a scroll labeled QYWNOI TUYRAF for 33 gold pieces
  9765 | D:10     | Reached XP level 11. HP: 100/100 MP: 13/13
 10203 | D:9      | Found a runed translucent gate.
 10204 | D:9      | Found a runed translucent gate.
 10205 | D:9      | Found a runed translucent gate.
 10206 | D:9      | Noticed Grizz's ghost (novice MiFi)
 10209 | D:9      | Found a roughly hewn altar of Beogh.
 10211 | D:9      | Found the +4 robe of Augmentation {Str+4 Int+4 Dex+4}
 10445 | D:9      | Found a radiant altar of Vehumet.
 10445 | D:9      | Found a shimmering blue altar of Sif Muna.
 10446 | D:9      | Found a stormy altar of Qazlal.
 10760 | D:11     | Reached ***** piety under Makhleb
 10911 | D:11     | Reached skill level 5 in Invocations
 11324 | Lair:1   | Entered Level 1 of the Lair of Beasts
 11325 | Lair:1   | Noticed Joseph
 11346 | Lair:1   | Killed Joseph
 11606 | Lair:1   | Noticed a six-headed hydra
 11613 | Lair:1   | Killed a one-headed hydra
 12117 | Lair:2   | You fall into a shaft and drop 1 floor!
 12122 | Lair:2   | Noticed an eight-headed hydra
 12130 | Lair:2   | Killed a four-headed hydra
 12130 | Lair:2   | Reached skill level 10 in Armour
 12205 | Lair:2   | Found a hole to the Spider Nest.
 12359 | Lair:2   | Reached XP level 12. HP: 110/110 MP: 15/15
 12999 | Lair:3   | Reached skill level 10 in Shields
 13217 | Lair:3   | Identified a scroll of acquirement
 13220 | Lair:3   | Got a transparent hat
 13231 | Lair:3   | Identified the +0 hat of the Marlin {*Contam rElec MR++
                  | rCorr} (You acquired it on level 3 of the Lair of Beasts)
 13525 | Lair:3   | Noticed a death yak
 13526 | Lair:3   | Noticed a death yak
 13527 | Lair:3   | Noticed a death yak
 13545 | Lair:3   | HP: 4/111 [death yak (14)]
 13546 | Lair:3   | Killed a death yak
 13546 | Lair:3   | Killed a death yak
 13546 | Lair:3   | Reached skill level 15 in Axes
 13547 | Lair:3   | Killed a death yak
 14559 | Lair:4   | Reached XP level 13. HP: 118/118 MP: 17/17
 14595 | Lair:4   | Reached ****** piety under Makhleb
 14956 | Lair:4   | Found a staircase to the Swamp.
 15449 | Lair:5   | Found a staircase to the Slime Pits.
 15829 | Lair:6   | Entered Level 6 of the Lair of Beasts
 16080 | Lair:6   | Paralysed by a floating eye for 3 turns
 16094 | Lair:6   | Found a runed translucent door.
 16099 | Lair:6   | Noticed Wogokhlo's ghost (journeyman FeBe)
 16653 | Orc:1    | Entered Level 1 of the Orcish Mines
 16653 | Orc:1    | Found a shimmering altar of Xom.
 16856 | Orc:1    | Noticed Harold
 16872 | Orc:1    | Killed Harold
 17150 | Orc:2    | Entered Level 2 of the Orcish Mines
 17180 | Orc:2    | Paralysed by an orc sorcerer for 2 turns
 17235 | Orc:2    | Noticed Nessos
 17247 | Orc:2    | Killed Nessos
 17269 | Orc:2    | Reached XP level 14. HP: 99/129 MP: 19/19
 17332 | Orc:2    | Found Wiestir's Assorted Antiques.
 17332 | Orc:2    | Found Zyoquhoss's Armour Shoppe.
 17347 | Orc:2    | Found Cap Qoas's Armour Emporium.
 17347 | Orc:2    | Found Sutal's General Store.
 17541 | Orc:2    | Found a staircase to the Elven Halls.
 17662 | Orc:2    | Noticed a stone giant
 17675 | Orc:2    | Killed a stone giant
 17906 | Orc:1    | Noticed Urug
 17920 | Orc:1    | Killed Urug
 17932 | Orc:1    | Noticed Gastronok
 17953 | Orc:1    | Killed Gastronok
 18172 | D:10     | Bought the +3 pair of gauntlets of War {Slay+5} for 1567
                  | gold pieces
 18172 | D:10     | Found the +3 pair of gauntlets of War {Slay+5}
 18271 | D:12     | Found a glowing golden altar of the Shining One.
 18811 | D:13     | Reached skill level 10 in Invocations
 19166 | D:13     | Noticed Maurice
 19171 | D:13     | Killed Maurice
 19188 | D:13     | Found a runed translucent door.
 19188 | D:13     | Found a shimmering altar of Xom.
 19188 | D:13     | Noticed Leinaam's ghost (journeyman MiBe)
 19188 | D:13     | Identified the +5 scimitar of Change {chaos, rElec}
 19810 | D:14     | Noticed Jorgrun
 19827 | D:14     | Killed Jorgrun
 19913 | D:14     | Found a gate to the Vaults.
 20154 | D:15     | Entered Level 15 of the Dungeon
 20185 | D:15     | Noticed Josephine
 20196 | D:15     | Killed Josephine
 20286 | D:15     | Reached XP level 15. HP: 139/139 MP: 22/22
 20399 | D:15     | Noticed Louise
 20430 | D:15     | Killed Louise
 20550 | D:15     | Found a staircase to the Depths.
 21136 | Lair:4   | Reached skill level 15 in Fighting
 21185 | Swamp:1  | Entered Level 1 of the Swamp
 21485 | Swamp:1  | You fall into a shaft and drop 1 floor!
 21943 | Swamp:2  | Noticed Frances
 21962 | Swamp:2  | Killed Frances
 22067 | Swamp:2  | Reached skill level 15 in Armour
 22112 | Swamp:2  | Noticed a thorn hunter
 22125 | Swamp:2  | Killed a thorn hunter
 22873 | Swamp:2  | Noticed a thorn hunter
 22887 | Swamp:2  | Killed a thorn hunter
 23091 | Swamp:3  | Found a transporter.
 23109 | Swamp:3  | Noticed a thorn hunter
 23247 | Swamp:3  | Reached skill level 15 in Shields
 23319 | Swamp:3  | Reached XP level 16. HP: 151/151 MP: 24/24
 23416 | Swamp:3  | Found a transporter.
 23672 | Swamp:4  | Entered Level 4 of the Swamp
 24456 | Swamp:4  | Got a decaying rune of Zot
 24812 | Spider:1 | Entered Level 1 of the Spider Nest
 24829 | Spider:1 | Noticed Azrael
 24895 | Spider:1 | Killed Azrael
 24981 | Spider:1 | Got a polished hat
 24982 | Spider:1 | Identified the +1 hat of Lulenur {rC+ Regen+ SInv} (You
                  | acquired it on level 1 of the Spider Nest)
 25190 | Spider:2 | Reached skill level 1 in Crossbows
 25468 | Spider:2 | Reached skill level 5 in Crossbows
 25613 | Spider:1 | Noticed Donald
 25640 | Spider:1 | Killed Donald
 25918 | Spider:1 | Reached XP level 17. HP: 160/160 MP: 25/25
 27615 | Spider:3 | Reached skill level 10 in Crossbows
 27637 | Spider:3 | Reached skill level 1 in Dodging
 27893 | Spider:4 | Entered Level 4 of the Spider Nest
 28450 | Spider:4 | Noticed Agnes
 28465 | Spider:4 | Killed Agnes
 29560 | Spider:4 | Reached skill level 5 in Dodging
 29868 | Spider:4 | Got a gossamer rune of Zot
 30233 | Vaults:1 | Entered Level 1 of the Vaults
 30458 | Vaults:1 | Reached XP level 18. HP: 170/170 MP: 27/27
 30540 | Vaults:1 | Found Qir Wimi's Weapon Emporium.
 30578 | Vaults:1 | Found a portal to a secret trove of treasure.
 30724 | Vaults:1 | Identified the +4 short sword "Kauneow" {pierce, rPois
                  | Dex+4}
 31946 | Vaults:2 | Found Biyca's Distillery.
 32141 | Vaults:2 | Found a radiant altar of Vehumet.
 32141 | Vaults:2 | Noticed a lich
 32149 | Vaults:2 | Killed a lich
 32161 | Vaults:2 | Identified the +0 hat of Weirdness {SInv} (You found it on
                  | level 2 of the Vaults)
 32183 | Vaults:2 | Found the +0 mask of the Dragon {MR+ Slay+3 SInv}
 32378 | Vaults:2 | Found a staircase to the Crypt.
 32378 | Vaults:2 | Found a basalt altar of Yredelemnul.
 32379 | Vaults:2 | Found an ancient bone altar of Kikubaaqudgha.
 32526 | Vaults:2 | Reached XP level 19. HP: 179/179 MP: 28/28
 32660 | Vaults:2 | Reached skill level 10 in Dodging
 33066 | Vaults:3 | Noticed Aizul
 33087 | Vaults:3 | Killed Aizul
 34333 | Vaults:4 | Found a ruined gateway.
 34348 | Desolati | Entered the Desolation of Salt
 34397 | Desolati | Reached skill level 15 in Invocations
 34650 | Desolati | Identified the +9 whip of Linearity {holy, rF+ rC+ MP+9
                  | Dex+4}
 34669 | Desolati | Reached XP level 20. HP: 191/191 MP: 30/30
 34699 | Desolati | Identified Awuod's Incunabulum of Combat Magic
 34785 | Desolati | Identified the Collected Works on Combat Magic
 34789 | Desolati | Identified Sif Muna's Incunabulum of Fire and Creation
 34850 | Desolati | Identified the Tome of Cankerous Clay
 34857 | Desolati | Identified the amulet "Taitod" {Gourm rPois Str+2 Dex+8}
                  | (You found it in the Desolation of Salt)
 35861 | Vaults:5 | Entered Level 5 of the Vaults
 35876 | Vaults:5 | Noticed a golden dragon
 36133 | Vaults:5 | Noticed a golden dragon
 36136 | Vaults:5 | Identified the +7 hand axe "Pemul" {freeze, *Contam rElec
                  | Int+3 Dex+4}
 36149 | Vaults:5 | Killed a golden dragon
 36165 | Vaults:5 | Killed a golden dragon
 36166 | Vaults:5 | Paralysed by a floating eye for 2 turns
 36180 | Vaults:5 | Identified the ring of Zisovirr {rPois rF+ Dex-5 SInv}
 36182 | Vaults:5 | Reached skill level 15 in Dodging
 36192 | Vaults:5 | Reached XP level 21. HP: 200/200 MP: 32/32
 36236 | Vaults:5 | HP: 7/200 [vault warden/+0 glaive (18)]
 36628 | Vaults:5 | Noticed a golden dragon
 36643 | Vaults:5 | Killed a golden dragon
 36892 | Vaults:5 | Identified the +5 falchion "Baaxopad" {drain, +Blink MR+
                  | Int+3}
 37225 | Vaults:5 | Got a silver rune of Zot
 37508 | Vaults:5 | Identified a +2 pair of boots of running (You acquired it
                  | on level 5 of the Vaults)
 37586 | Vaults:5 | Reached XP level 22. HP: 211/211 MP: 33/33
 38099 | Elf:1    | Entered Level 1 of the Elven Halls
 38839 | Elf:1    | Found a runed translucent gate.
 38839 | Elf:1    | Found a runed translucent gate.
 38840 | Elf:1    | Noticed FessEmpty's ghost (adept SpEn)
 38841 | Elf:1    | Found a runed translucent gate.
 39009 | Elf:2    | Found a runed translucent gate.
 39219 | Elf:2    | Identified the ring "Xakidoab" {rPois rF+} (You acquired it
                  | on level 2 of the Elven Halls)
 39366 | Elf:2    | Found a runed translucent gate.
 39367 | Elf:2    | Found a runed translucent gate.
 39442 | Elf:2    | Found a runed translucent gate.
 39444 | Elf:2    | Found a runed translucent gate.
 39445 | Elf:2    | Found a runed translucent gate.
 39447 | Elf:2    | Noticed Opsifuid's ghost (journeyman BaBe)
 39448 | Elf:2    | Found an iron altar of Okawaru.
 39591 | Elf:3    | Entered Level 3 of the Elven Halls
 39679 | Elf:3    | Found a radiant altar of Vehumet.
 40171 | Elf:3    | HP: 9/211 [Executioner[a deep elf demonologist] (7)]
 40437 | Elf:3    | Identified the ring "Qudah" {rF+ rC- MR++ Str+2 Dex+3}
 41027 | Elf:3    | Identified the +7 battleaxe of the Rattle-Snake {vamp,
                  | rPois rN+++ Dex-5}
 41074 | Elf:3    | Found the +7 mace of Variability {chain chaos}
 41162 | Elf:3    | Identified the +7 short sword "Jixaber" {holy, rPois}
 41172 | Elf:3    | Identified the +7 great sword of Doors {slice, rC+ MR+}
 41315 | Elf:3    | Identified The Last Papyrus of the Archmage
 41731 | Depths:1 | Entered Level 1 of the Depths
 41737 | Depths:1 | Noticed the Enchantress
 41757 | Depths:1 | Killed the Enchantress
 41872 | Depths:1 | Noticed Nikola
 41908 | Depths:1 | Killed Nikola
 41930 | Depths:1 | Reached XP level 23. HP: 221/221 MP: 34/34
 42059 | Depths:1 | Found a one-way gate to the infinite horrors of the Abyss.
 42194 | Depths:1 | Found Hoisabresm's Jewellery Boutique.
 42333 | Depths:1 | Found a gateway to Hell.
 42597 | Depths:1 | Found a one-way gate leading to the halls of Pandemonium.
 43058 | Lair:6   | Noticed Rupert
 43068 | Lair:6   | Killed Rupert
 43967 | Depths:2 | Found a glowing golden altar of the Shining One.
 44745 | Depths:3 | Paralysed by a floating eye for 3 turns
 44754 | Depths:3 | Paralysed by a floating eye for 4 turns
 44766 | Depths:3 | Paralysed by a floating eye for 4 turns
 44780 | Depths:3 | Paralysed by a floating eye for 4 turns
 44823 | Depths:3 | Found a transporter.
 44827 | Depths:3 | Noticed an ancient lich
 44929 | Depths:3 | Found Riowufer's Assorted Antiques.
 45532 | Depths:3 | Found a shimmering blue altar of Sif Muna.
 45648 | Depths:4 | Reached XP level 24. HP: 232/232 MP: 35/35
 45654 | Depths:4 | Noticed a juggernaut
 45673 | Depths:4 | Killed a juggernaut
 45743 | Depths:4 | Noticed Mennas
 45783 | Depths:4 | Killed Mennas
 45825 | Depths:4 | Noticed a juggernaut
 45849 | Depths:4 | Killed a juggernaut
 45907 | Depths:4 | Noticed Saint Roka
 45925 | Depths:4 | Killed Saint Roka
 46100 | Depths:4 | Identified the ring "Lium" {rElec Int+3 SInv} (You found it
                  | on level 4 of the Depths)
 46569 | Depths:4 | Found a gateway to a ziggurat.
 46595 | Depths:4 | Noticed Xtahua
 46609 | Depths:4 | Killed Xtahua
 46795 | Depths:5 | Entered Level 5 of the Depths
 47048 | Depths:5 | Found a gate to the Realm of Zot.
 47195 | Depths:5 | HP: 11/234 [red draconian/searing blast (2)]
 47449 | Depths:5 | Found Varhown's Book Shop.
 47454 | Depths:5 | Noticed a juggernaut
 47470 | Depths:5 | Killed a juggernaut
 47498 | Depths:5 | Noticed Boris
 47518 | Depths:5 | Killed Boris
 47616 | Depths:5 | Reached XP level 25. HP: 243/243 MP: 35/35
 48003 | Depths:5 | Found a large runed translucent door.
 48004 | Depths:5 | Found a large runed translucent door.
 48031 | Depths:5 | Noticed Niacecre's ghost (veteran DEFE)
 48522 | Zot:1    | Entered Level 1 of the Realm of Zot
 48744 | Zot:1    | Noticed an orb of fire
 48745 | Zot:1    | Gained mutation: You are weak. (Str -2) [an orb of fire]
 48748 | Zot:1    | Gained mutation: You are dopey. (Int -2) [an orb of fire]
 48757 | Zot:1    | Gained mutation: Your body sometimes deteriorates upon
                  | taking damage. [an orb of fire]
 48760 | Zot:1    | Gained mutation: Scrolls take you a little longer to read.
                  | [an orb of fire]
 48773 | Zot:1    | Lost intelligence.
 48773 | Zot:1    | Gained mutation: You are very dopey. (Int -4) [an orb of
                  | fire]
 48776 | Zot:1    | Killed an orb of fire
 49070 | Zot:1    | Lost mutation: You are very dopey. (Int -4) [potion of
                  | mutation]
 49070 | Zot:1    | Lost mutation: You are weak. (Str -2) [potion of mutation]
 49070 | Zot:1    | Lost mutation: Scrolls take you a little longer to read.
                  | [potion of mutation]
 49070 | Zot:1    | Gained mutation: Armour fits poorly on your strangely
                  | shaped body. [potion of mutation]
 49070 | Zot:1    | Gained mutation: Scrolls take you a little longer to read.
                  | [potion of mutation]
 49070 | Zot:1    | Gained mutation: Your system is resistant to poisons.
                  | (rPois) [potion of mutation]
 50629 | Zot:3    | Reached XP level 26. HP: 254/254 MP: 35/35
 51507 | Zot:4    | Lost intelligence.
 53087 | Zot:5    | Entered Level 5 of the Realm of Zot
 53096 | Zot:5    | Noticed an orb of fire
 53096 | Zot:5    | Gained mutation: You occasionally shout uncontrollably at
                  | your foes. [an orb of fire]
 53100 | Zot:5    | Gained mutation: Your spells are a little easier to cast,
                  | but a little less powerful. [an orb of fire]
 53101 | Zot:5    | Gained mutation: You are clumsy. (Dex -2) [an orb of fire]
 53129 | Zot:4    | Killed an orb of fire
 54031 | Zot:5    | Noticed an ancient lich
 54045 | Zot:5    | Killed an ancient lich
 54078 | Zot:5    | Noticed an orb of fire
 54083 | Zot:5    | Gained mutation: You are very clumsy. (Dex -4) [an orb of
                  | fire]
 54096 | Zot:5    | Gained mutation: Your magical capacity is low. (-10% MP)
                  | [an orb of fire]
 54099 | Zot:5    | Gained mutation: You can translocate small distances at
                  | will. [an orb of fire]
 54110 | Zot:5    | Gained mutation: You are very dopey. (Int -4) [an orb of
                  | fire]
 54125 | Zot:5    | Gained mutation: Your magical capacity is very low. (-20%
                  | MP) [an orb of fire]
 54126 | Zot:5    | Killed an orb of fire
 54200 | Zot:5    | Lost mutation: Scrolls take you a little longer to read.
                  | [potion of mutation]
 54200 | Zot:5    | Lost mutation: You are very dopey. (Int -4) [potion of
                  | mutation]
 54200 | Zot:5    | Lost mutation: You are dopey. (Int -2) [potion of mutation]
 54200 | Zot:5    | Gained mutation: You are dopey. (Int -2) [potion of
                  | mutation]
 54200 | Zot:5    | Gained mutation: You are partially covered in icy blue
                  | scales. (AC +2) [potion of mutation]
 54230 | Zot:5    | Noticed an ancient lich
 54249 | Zot:5    | Killed an ancient lich
 54341 | Zot:5    | Reached XP level 27. HP: 264/264 MP: 18/28
 54399 | Zot:5    | Noticed an orb of fire
 54415 | Zot:5    | Killed an orb of fire
 54510 | Zot:5    | Noticed an orb of fire
 54510 | Zot:5    | Gained mutation: You are frail. (-10% HP) [an orb of fire]
 54520 | Zot:5    | Gained mutation: You are occasionally teleported next to
                  | monsters. [an orb of fire]
 54523 | Zot:5    | Killed an orb of fire
 54700 | Zot:5    | Noticed an orb of fire
 54703 | Zot:5    | Gained mutation: You tend to lose your temper in combat.
                  | [an orb of fire]
 54715 | Zot:5    | Killed an orb of fire
 54762 | Zot:5    | Lost mutation: You occasionally shout uncontrollably at
                  | your foes. [potion of mutation]
 54762 | Zot:5    | Gained mutation: Your flesh is cold resistant. (rC+)
                  | [potion of mutation]
 54763 | Zot:5    | Lost mutation: You are partially covered in icy blue
                  | scales. (AC +2) [potion of mutation]
 54763 | Zot:5    | Lost mutation: Your body sometimes deteriorates upon taking
                  | damage. [potion of mutation]
 54763 | Zot:5    | Lost mutation: You are very clumsy. (Dex -4) [potion of
                  | mutation]
 54763 | Zot:5    | Lost mutation: You tend to lose your temper in combat.
                  | [potion of mutation]
 54763 | Zot:5    | Gained mutation: You are very dopey. (Int -4) [potion of
                  | mutation]
 54763 | Zot:5    | Gained mutation: You have a pair of large horns on your
                  | head. [potion of mutation]
 54793 | Zot:5    | Gained mutation: You occasionally shout uncontrollably at
                  | your foes. [mutagenic glow]
 54802 | Zot:5    | Noticed an orb of fire
 54806 | Zot:5    | Gained mutation: You sometimes yell uncontrollably at your
                  | foes. [an orb of fire]
 54810 | Zot:5    | Gained mutation: You are very clumsy. (Dex -4) [an orb of
                  | fire]
 54813 | Zot:5    | Killed an orb of fire
 54843 | Zot:5    | Noticed an orb of fire
 54847 | Zot:5    | Noticed an orb of fire
 54850 | Zot:5    | Gained mutation: You are sometimes teleported next to
                  | monsters. [an orb of fire]
 54854 | Zot:5    | HP: 10/239 [orb of fire/bolt of fire (25)]
 54854 | Zot:5    | Killed from afar by an orb of fire

Levels and vault maps discovered:
D:1:      lightli_arrival_statue_moat, layout_rooms, moated_statue
D:2:      layout_rooms, chequers_ecumenical_altar_simple
D:3:      layout_loops_ring, grunt_temple_overflow_order_and_chaos_2,
          uniq_grinder, uniq_jessica
D:4:      cheibrodos_pilgrimage, layout_basic, serial_shops, shop_statue,
          st_stairs_7
D:5:      layout_layer_cave, serial_shops, shop, first_ration,
          minmay_crystal_water, roderic_lattice_a, lightli_church_of_beogh,
          uniq_eustachio
D:6:      layout_basic, lemuel_zombie_altar_kikubaaqudgha,
          minmay_temple_entry_slanted, serial_shops, nicolae_shop_crystal,
          uniq_prince_ribbit1
D:7:      layout_cave_pools, basic_altar, gammafunk_ghost_smash, uniq_menkaure
D:8:      layout_basic, kennysheep_mini_moat
D:9:      layout_loops_ring, gammafunk_temple_overflow_claw,
          due_lair_maze_entry_diamond, orc_0_dummy, biasface_ghost_orc_armoury,
          minmay_shop_damaged
D:10:     layout_irregular_city, serial_shops, shop
D:11:     layout_roguey, basic_altar
D:12:     layout_irregular_city, basic_altar
D:13:     layout_roguey, ebering_ghost_xom, uniq_maurice
D:14:     layout_roguey, david_vaults_1, uniq_jorgrun
D:15:     hangedman_depths_entry_try_elsewhere_first, layout_cross,
          dk_noncrumbling_2, uniq_josephine, uniq_louise
Lair:1:   layout_regular_city, serial_bayou_pond_c, st_stairs_8,
          grunt_megastairs_1, uniq_joseph
Lair:2:   layout_loops_ring, nicolae_spider_entry_tight_spaces,
          beast_lair_carwin_2
Lair:3:   layout_cave_pods, serial_bayou_shore_a
Lair:4:   layout_gridlike, minmay_swamp_entry_swarm, serial_bayou_pond_d,
          minivault_25
Lair:5:   layout_regular_city, nicolae_slime_entry_slimehenge, lemuel_fruit_tree
Lair:6:   due_jungle_book, layout_misc_corridors, ebering_ghost_reflecting_pool,
          disabler_island, uniq_rupert
Swamp:1:  layout_falls_marsh, evilmike_swamp_ruin_house_4
Swamp:2:  layout_basic_swamp, evilmike_swamp_ruin_rubble_2, swamp_pool1,
          hangedman_swamp_wriggling, uniq_frances
Swamp:3:  gammafunk_the_bubble [the_bubble_gammafunk_plus_minus],
          layout_basic_swamp, hangedman_swamp_diagram
Swamp:4:  swamp_fiery, layout_basic_swamp
Spider:1: lemuel_spider_zombies, uniq_donald, uniq_azrael
Spider:2: layout_spider_delve, guppyfry_spider_mini_1
Spider:3: layout_spider_delve
Spider:4: spider_rune_water, uniq_agnes
Orc:1:    layout_caves, basic_altar, statue_in_the_mist_lemuel,
          nicolae_orc_flooded_monolith, uniq_harold, uniq_urug, uniq_gastronok
Orc:2:    st_orc_mages, layout_caves, uniq_nessos
Elf:1:    eino_elf_arrival_sip, layout_loops_corners, ebering_ghost_rock_garden,
          evilmike_minifort
Elf:2:    layout_gridlike, gammafunk_ghost_fury_of_okawaru
Elf:3:    elf_hall, layout_geoelf_castle, basic_altar
Vaults:1: ontoclasm_vaults_fault, hangedman_vaults_slice,
          nicolae_vaults_yaktaur_gun_rack, vaults_room_large_hall,
          nicolae_vaults_little_squares_6, ontoclasm_vaults_eye,
          v_alt_pattern_1, hangedman_vaults_stream, v_alt_pattern_6,
          grunt_vaults_swirl, vaults_room_semicircle, layout_vaults_ring,
          nicolae_trove_entry_columns, serial_shops, shop_statue
Vaults:2: v_pattern_1, v_misc_26, v_misc_24, v_misc_10,
          minmay_crypt_entry_necro_gods, grunt_tower_of_power,
          dpeg_vaults_monster_box, nicolae_vaults_border_crossing,
          v_alt_pattern_1, hangedman_vaults_trim,
          nicolae_vaults_ring_of_whatevers, nicolae_vaults_asterisk,
          layout_vaults_omnicross, serial_shops, nicolae_shop_statue_plus
Vaults:3: ontoclasm_vaults_idyll, hangedman_vaults_stagger,
          hangedman_vaults_restitches, v_alt_pattern_1, v_misc_12,
          st_more_cells, nicolae_vaults_specimen_jars, layout_vaults_omnigrid,
          uniq_aizul
Vaults:4: nicolae_vaults_little_squares_1, nicolae_vaults_circle_grid_a,
          hangedman_vaults_hat, vaults_room_ringed_pool,
          ontoclasm_vaults_ring_small, vaults_dpeg_doors, v_rooms_2,
          ontoclasm_vaults_ligature, v_pattern_3, vaults_room_door_hall,
          v_misc_28, vaults_dpeg_cross, nicolae_vaults_little_squares_5,
          layout_vaults_maze, portal_desolation_entry_salt, serial_shops,
          bzr_entry_safe
Vaults:5: serial_shops
Depths:1: thingy_vault, layout_cave_pools, hell_entry, rand_demon_pan_entry_4,
          serial_bayou_pond_c, serial_shops, nicolae_shop_waterfront,
          abyss_entry_crystal, st_stairs_2, nrook_kobold_shadow_demons,
          uniq_enchantress, uniq_nikola
Depths:2: hourglass_vault, layout_cave_pools, pf_coc_iceberg, tso_metal_star,
          minmay_staircase_windowed_large
Depths:3: gammafunk_sealed_library, layout_cave_pools, serial_shops,
          nicolae_shop_statue_plus, abyss_entry, grunt_pan_entry_spiral,
          serial_bayou_pond_d, hangedman_geh_valley,
          serial_sigils_hangedman_quiver, serial_bayou_shore_b,
          infiniplex_staircase_zigzag_5
Depths:4: minmay_the_grid_3x2 [minmay_the_grid_large_cup, minmay_the_grid_airy,
          minmay_the_grid_outer_diamond, minmay_the_grid_eight,
          minmay_the_grid_diamond_grid, minmay_the_grid_prize_shrinking_boxes],
          layout_honeycomb, enter_ziggurat_a, lightli_too_deep, abyss_entry,
          uniq_saint_roka, uniq_xtahua, uniq_mennas
Depths:5: lemuel_castle_with_subvaults [lemuel_castle_interior_carwin_3],
          layout_small_grid, ebering_ghost_disaster_area, serial_shops, shop,
          grunt_hell_entry_dis_mu, serial_sigils_hangedman_carve,
          evilmike_butchery, uniq_boris
Zot:1:    layout_concentric_octagons
Zot:2:    layout_misc_corridors
Zot:3:    layout_twisted_circle
Zot:4:    evilmike_crystal_ball_defense, layout_gridlike
Zot:5:    layout_misc_corridors, lemuel_golem_globe

Skill      XL: |  1  2  3  4  5  6  7  8  9 10 11 12 13 14 15 16 17 18 19 20 21 22 23 24 25 26 27 |
---------------+----------------------------------------------------------------------------------+-----
Fighting       | 4 5 6 7 8 9 10 11 12 13 14 15 16 17 18 19 20 21 22 23 24 25 | 25.3
Axes           | 4 5 7 9 11 12 14 15 16 17 18 | 18.0
Armour         | 4 5 6 7 9 10 11 12 14 15 16 17 18 19 20 21 22 23 24 25 | 25.0
Shields        | 4 5 6 8 9 10 12 13 15 | 15.0
Invocations    | 2 4 6 7 9 10 12 13 14 15 16 17 18 19 20 21 | 21.3
Crossbows      | 7 10 | 10.0
Dodging        | 6 9 12 15 17 18 20 21 23 24 | 24.9

Action                   |  1- 3 |  4- 6 |  7- 9 | 10-12 | 13-15 | 16-18 | 19-21 | 22-24 | 25-27 || total
-------------------------+-------+-------+-------+-------+-------+-------+-------+-------+-------++-------
Melee: War axe           |    62 |    82 |   333 |   691 |   134 |       |       |       |       ||  1302
       Headbutt          |     9 |    14 |    72 |   152 |   275 |   339 |   366 |   439 |   377 ||  2043
       Broad axe         |       |       |       |       |   896 |  1285 |  1222 |  1488 |  1176 ||  6067
       Hand crossbow     |       |       |       |       |       |       |       |    34 |       ||    34
 Fire: Hand crossbow     |       |       |       |       |       |    69 |       |     8 |       ||    77
Throw: Dart              |       |     6 |    29 |     3 |    12 |    13 |       |       |       ||    63
Invok: Greater Servant o |       |       |       |       |       |       |     1 |     5 |    12 ||    18
       Major Destruction |       |       |       |       |       |       |       |     2 |       ||     2
Evoke: Wand              |       |       |     1 |     1 |     4 |     1 |       |       |       ||     7
       Lamp of fire      |       |       |       |       |       |       |       |     1 |       ||     1
  Use: Scroll            |     6 |     1 |     4 |    19 |     7 |    13 |     7 |    16 |     1 ||    74
       Potion            |       |       |     1 |     2 |       |     2 |     4 |     3 |    11 ||    23
 Stab: Paralysed         |       |       |       |       |     4 |       |       |       |       ||     4
       Confused          |       |       |       |       |       |     1 |       |     2 |     1 ||     4
       Distracted        |       |       |       |       |       |     1 |     4 |     1 |     3 ||     9
  Eat: Chunk             |       |     6 |     8 |    17 |    27 |    23 |    18 |    24 |    14 ||   137
       Ration            |       |       |     3 |     1 |     1 |     2 |       |     2 |     3 ||    12
Armor: Scale mail        |    24 |    30 |    53 |       |       |       |       |       |       ||   107
       Plate armour      |       |       |    59 |   400 |   583 |   947 |   496 |   725 |   385 ||  3595
       Crystal plate arm |       |       |       |       |       |       |       |       |   340 ||   340
Dodge: Dodged            |    17 |    31 |    77 |   135 |   253 |   432 |   452 |   703 |   705 ||  2805
Block: Shield            |    42 |    40 |   184 |   425 |   691 |  1239 |  1028 |  1387 |  1091 ||  6127
       Reflection        |       |       |       |       |       |    45 |    78 |   103 |    13 ||   239
